 Dungeon Crawl Stone Soup version 0.13.1-19-g4b9377e (webtiles) character file.

2293 Kae the Covert (level 9, -1/39 HPs)
             Began as a Spriggan Enchanter on Dec 26, 2013.
             Killed by divine providence
             ... invoked by an orc priest
              (14 damage)
             ... on Level 6 of the Dungeon.
             The game lasted 00:12:15 (5631 turns).

Kae the Covert (Spriggan Enchanter)                 Turns: 5631, Time: 00:12:15

HP  -1/39        AC  6     Str  7      XL: 9   Next:  3%
MP  16/25        EV 17     Int 16      God:
Gold 270         SH 12     Dex 17      Spells:  4 memorised,  7 levels left

Res.Fire  : . . .   See Invis. : +   b - +2,+0 dagger (flame)
Res.Cold  : . . .   Warding    : +   K - +1 robe {Archmagi}
Life Prot.: + . .   Conserve   : .   J - +0 buckler (curse)
Res.Poison: .       Res.Corr.  : .   (helmet restricted)
Res.Elec. : .       Clarity    : .   B - +2 cloak
Sust.Abil.: . .     Spirit.Shd : .   (gloves unavailable)
Res.Mut.  : .       Stasis     : .   (boots unavailable)
Res.Rott. : .       Flight     : .   q - amulet of warding
Saprovore : . . .                    (no ring)
                                     (no ring)

@: very quick, quite resistant to hostile enchantments, extremely stealthy
A: unfitting armour, see invisible, herbivore 3, speed 3, slow metabolism 2
a: no special abilities


You were on level 6 of the Dungeon.
You were not hungry.

You visited 1 branch of the dungeon, and saw 6 of its levels.

You collected 268 gold pieces.
You spent 18 gold pieces at shops.

Inventory:

Hand weapons
 a - a +1,+0 dagger {=f}
 b - a +2,+0 dagger of flaming (weapon)
 k - a +1,+2 short sword of venom
 I - a +2,+0 dagger of speed
Missiles
 d - 21 darts (quivered)
 t - 9 darts of frost
 z - 4 darts of flame
 D - 4 poisoned darts
Armour
 s - a +2 robe
 B - a +2 cloak (worn)
 J - a cursed +0 buckler (worn)
 K - a +1 robe of the Archmagi (worn)
Magical devices
 H - a wand of cold (9) {unknown}
Comestibles
 r - 2 bread rations
 A - a honeycomb
 C - a choko
Scrolls
 g - 2 scrolls of fog
 h - 4 scrolls of remove curse
 i - a scroll of amnesia
 j - a scroll of enchant weapon II {unknown}
 p - 2 scrolls of teleportation
 y - 4 scrolls of identify
 F - 2 scrolls of magic mapping
Jewellery
 l - an uncursed amulet of rage
 q - an amulet of warding (around neck)
Potions
 e - a potion of porridge
 f - a potion of magic {unknown}
 m - a potion of speed {unknown}
 n - a potion of restore abilities {unknown}
 o - 2 potions of degeneration {unknown}
 u - 3 potions of curing {unknown}
 v - 2 potions of poison {unknown}
 w - a potion of mutation {unknown}
 x - a potion of beneficial mutation {unknown}
 E - a potion of blood {unknown}
 G - a potion of berserk rage {unknown}
Books
 c - a book of Maledictions

   Spells                             Type                      Level
   *Corona                            Hexes                        1
   Sure Blade                         Hexes/Charms                 2
   *Ensorcelled Hibernation           Hexes/Ice                    2
   *Confuse                           Hexes                        3
   Enslavement                        Hexes                        4
   *Invisibility                      Hexes                        6


   Skills:
 * Level 7.4 Short Blades
 - Level 1.1 Throwing
 - Level 3.0 Dodging
 + Level 10.7 Stealth
 * Level 0.8 Shields
 + Level 5.9 Spellcasting
 * Level 6.7 Hexes


You had 7 spell levels left.
You knew the following spells:

 Your Spells              Type           Power        Failure   Level  Hunger
a - Corona                Hex            #####..      1%          1    None
b - Ensorcelled Hibernat  Hex/Ice        ###...       8%          2    None
c - Confuse               Hex            #####...     2%          3    ###....
d - Invisibility          Hex            #####...     98%         6    #######


Dungeon Overview and Level Annotations

Branches:
Dungeon (6/27)
 Temple: D:4-7          Orc: D:6-11

Altars:
Cheibriados

Shops:
D:6 [

Annotations:
D:6 exclusions: orc, orc priest, orc warrior and orc wizard


Innate Abilities, Weirdness & Mutations

You are tiny and cannot use many weapons and most armour.
You have supernaturally acute eyesight.
You are a herbivore.
You cover ground extremely quickly.
You need consume almost no food.


Message History

Aim: an orc warrior, wielding an orcish short sword and wearing a runed orcish plate armour You feel a surge of power!
The orc warrior struggles to resist.
The orc warrior hits you with an orcish short sword!
* * * LOW HITPOINT WARNING * * *
Casting: Ensorcelled Hibernation
Confirm with . or Enter, or press ? or * to list all spells.
Aiming: Ensorcelled Hibernation
Press: ? - help, Shift-Dir - straight line, f/p - orc warrior
Aim: an orc warrior, wielding an orcish short sword and wearing a runed orcish plate armour You feel a surge of power!
The orc warrior resists.
The orc warrior misses you.
Casting: Ensorcelled Hibernation
Confirm with . or Enter, or press ? or * to list all spells.
Aiming: Ensorcelled Hibernation
Press: ? - help, Shift-Dir - straight line, f/p - orc warrior
Aim: an orc warrior, wielding an orcish short sword and wearing a runed orcish plate armour You feel a surge of power!
The orc warrior resists.
The orc warrior closely misses you.
The orc priest invokes the aid of Beogh against you.
Something smites you!
You die...

#.# #.##### #.#
#...... #)# . #.#####
#.# #o #.##.## #.# #o
#...#.. ######.#
#########.#####..###.
.......#
#...oo..o.........#.#
########
#.##o####.########.##
#.##@# #. #######
#.##%# #.#####...##.
#.##.# #........?...
#.##.# #######...##.
#.##.# ####### #%##.#
####### #### #.##.#
#...... ...# #....#
#.##### ##.# ####.#
#.# #.


You could see an orc warrior, an orc priest and an orc wizard.

Vanquished Creatures
  Pikel (D:5)
  The ghost of thecheesestandsalon the Martial Artist, an experienced OpMo of Ashenzari (D:4)
  A sky beast (D:5)
  4 slaves (D:5)
  An ogre (D:4)
  Duvessa (D:4)
  3 giant frogs
  Blork the orc (D:5)
  5 wights (D:6)
  Dowan (D:4)
  2 crimson imps (D:6)
  2 hounds
  A scorpion (D:4)
  Crazy Yiuf (D:5)
  A jelly (D:5)
  An iguana (D:6)
  7 worker ants
  3 gnolls (D:4)
  3 adders
  An inept feature mimic (D:3)
  A giant mite (D:5)
  A worm (D:3)
  A giant gecko (D:6)
  An ooze (D:1)
  8 orcs
  A ball python (D:4)
  12 bats
  8 goblins
  12 hobgoblins
  3 jackals (D:3)
  12 kobolds
  4 quokkas
  3 giant cockroaches
  4 giant newts
  2 orc skeletons (D:4)
  An orc zombie (D:6)
  A quokka skeleton (D:6)
  A quokka zombie (D:6)
  9 rats
  A rat skeleton (D:4)
127 creatures vanquished.

Notes
Turn   | Place    | Note
--------------------------------------------------------------
     0 | D:1      | Kae, the Spriggan Enchanter, began the quest for the Orb.
     0 | D:1      | Reached XP level 1. HP: 9/9 MP: 4/4
   205 | D:1      | Reached XP level 2. HP: 11/13 MP: 6/6
   697 | D:1      | Learned a level 2 spell: Ensorcelled Hibernation
  1245 | D:2      | Reached XP level 3. HP: 16/16 MP: 9/9
  1603 | D:3      | Reached skill level 4 in Stealth
  2002 | D:3      | Reached XP level 4. HP: 19/21 MP: 4/12
  2755 | D:4      | Reached skill level 5 in Stealth
  2761 | D:4      | Reached XP level 5. HP: 13/24 MP: 5/15
  2856 | D:4      | Noticed an ogre
  2922 | D:4      | Noticed Duvessa
  3160 | D:4      | Noticed Dowan
  3303 | D:4      | Killed Dowan
  3338 | D:4      | Killed Duvessa
  3338 | D:4      | Reached skill level 6 in Stealth
  3338 | D:4      | Reached XP level 6. HP: 21/28 MP: 13/18
  3346 | D:4      | Killed an ogre
  3666 | D:4      | Noticed thecheesestandsalon's ghost (experienced OpMo)
  3674 | D:4      | Learned a level 3 spell: Confuse
  3700 | D:4      | Killed thecheesestandsalon's ghost
  3700 | D:4      | Reached skill level 5 in Short Blades
  3700 | D:4      | Reached skill level 7 in Stealth
  3700 | D:4      | Reached skill level 5 in Hexes
  3700 | D:4      | Reached XP level 7. HP: 32/32 MP: 13/21
  3830 | D:5      | Entered Level 5 of the Dungeon
  3857 | D:5      | Noticed Blork the orc
  4075 | D:5      | Killed Blork the orc
  4075 | D:5      | Reached skill level 8 in Stealth
  4093 | D:5      | Noticed Pikel
  4098 | D:5      | Killed Pikel
  4098 | D:5      | Reached skill level 9 in Stealth
  4098 | D:5      | Reached skill level 5 in Spellcasting
  4098 | D:5      | Reached XP level 8. HP: 36/36 MP: 13/23
  4340 | D:5      | Noticed Crazy Yiuf
  4346 | D:5      | Killed Crazy Yiuf
  4642 | D:5      | Found a snail-covered altar of Cheibriados.
  4859 | D:6      | Reached skill level 10 in Stealth
  5388 | D:6      | Reached XP level 9. HP: 35/39 MP: 9/25
  5453 | D:6      | Found Frinet's Antique Armour Boutique.
  5462 | D:6      | Bought an embroidered robe for 18 gold pieces
  5477 | D:6      | Learned a level 6 spell: Invisibility
  5631 | D:6      | Killed from afar by an orc priest

Action                   |  1- 3 |  4- 6 |  7- 9 || total
-------------------------+-------+-------+-------++-------
Melee: Dagger            |    81 |    87 |    88 ||   256
       Short sword       |    61 |       |       ||    61
 Cast: Corona            |     4 |       |       ||     4
       Ensorcelled Hiber |     8 |    26 |    45 ||    79
       Confuse           |       |     1 |     6 ||     7
  Use: Scroll            |       |     9 |     3 ||    12
       Potion            |       |     1 |       ||     1
 Stab: Sleeping          |    16 |    21 |    33 ||    70
       Confused          |       |     2 |     5 ||     7
